 Dungeon Sprint DCSS version 0.17-a0-1210-g1e4f09d (webtiles) character file.

1523 Kidiri the Covert (level 8, -13/46 HPs)
             Began as a Spriggan Assassin on June 3, 2015.
             Was a Follower of Dithmenos.
             Mangled by a polar bear (28 damage)
             ... in the Dungeon (Sprint II: "The Violet Keep of Menkaure").
             The game lasted 00:09:53 (893 turns).

Kidiri the Covert (Spriggan Assassin)                Turns: 893, Time: 00:09:53

Health: -13/46     AC:  3    Str:  7    XL:     8   Next: 54%
Magic:  10/10      EV: 28    Int: 12    God:    Dithmenos [*.....]
Gold:   408        SH:  0    Dex: 18    Spells: 0 memorised, 7 levels left

rFire  . . .     SeeInvis +     a - +2 dagger
rCold  . . .     Clarity  .     c - +0 robe
rNeg   . . .     SustAt   .     (shield restricted)
rPois  .         Gourm    .     (helmet restricted)
rElec  .         Spirit   .     d - +0 cloak
rCorr  .         Warding  .     (gloves unavailable)
rMut   .         NoTele   +     (boots unavailable)
MR     +....                    (no amulet)
Stlth  ++++++++..               (no ring)
                                (no ring)

@: wreathed by umbra, very quick, somewhat resistant to hostile enchantments,
extraordinarily stealthy
A: unfitting armour, see invisible, clumsy 1, herbivore 3, speed 3, slow
metabolism 2
a: Renounce Religion


You were in the Dungeon.
You worshipped Dithmenos.
Dithmenos was aware of your devotion.
You were not hungry.

You visited 1 branch You collected 972 gold pieces.
You spent 564 gold pieces at shops.

Inventory:

Hand weapons
 a - a +2 dagger (weapon)
 b - a +0 blowgun
Missiles
 f - a curare-tipped needle
Armour
 c - a +0 robe (worn)
 d - a +0 cloak (worn)
Scrolls
 m - a scroll of blinking
Potions
 h - a potion of curing
 i - a potion of heal wounds
 j - a potion of haste
 k - 2 potions of magic
 l - a potion of berserk rage
Comestibles
 g - a bread ration


   Skills:
 * Level 7.3 Fighting
 * Level 9.3 Short Blades
 * Level 9.7 Throwing
 * Level 11.8 Dodging
 * Level 13.8 Stealth
 + Level 2.2 Invocations


You had 7 spell levels left.
You didn't know any spells.

Dungeon Overview and Level Annotations

Branches:
Dungeon (1/1)

Altars:
Cheibriados
Dithmenos
Elyvilon
Fedhas
Gozag
Kikubaaqudgha
Makhleb
Nemelex Xobeh
Okawaru
Qazlal
Ru
Sif Muna
Trog
Vehumet
Xom
Yredelemnul
Zin
The Shining One
Beogh
Jiyva
Lugonu

Shops:
D :(?[*==[:}=!%[![

Annotations:
D exclusions: ice statue and oklob plant, Roxanne


Innate Abilities, Weirdness & Mutations

You are tiny and cannot use many weapons and most armour.
You have supernaturally acute eyesight.
You are a herbivore.
You cover ground extremely quickly.
You need consume almost no food.
You are clumsy. (Dex -2)


Message History

There is a viscous altar of Jiyva here.
Found a scroll labeled MAD DEUWOQIOS.
There is an opulent altar of Gozag here.
The wasp closely misses you.
There is a sacrificial altar of Ru here.
The polar bear rages.
You see here a polar bear skeleton.
You see here a curare-tipped needle.
The wasp barely misses you. The polar bear completely misses you.
The polar bear claws you but does no damage.
The polar bear misses you.
There is a glowing golden altar of the Shining One here.
You see here a curare-tipped needle.
f - a curare-tipped needle The wasp closely misses you.
The polar bear completely misses you. The polar bear completely misses you.
The polar bear barely misses you. The wasp stings you but does no damage.
The polar bear bites you!!
Ouch! That really hurt!
You die...

#'###.##..#,,+..#,.#▓($(?(!$)▓*,,
#.##.#.#..#,,#..#,.#▓$(?()()$▓*,⌠
.<.'###'..####..##.#▓?!$$=![?**,,
#.##.#.#....###...##▓▓▓▓▓▓▓+▓***+
#'###.##......≈≈≈≈≈≈≈≈≈≈≈≈≈..,≈≈≈
.#.####≈≈...§§≈#(########+###,≈≈≈
†#†.#≈§≈≈≈≈§§§≈#(y÷h._._#§§§##≈≈≈
.#.##≈§≈§§≈≈≈§≈#.h_._._.#§§§≈##**
#'##≈≈≈≈§≈§§§≈≈#@_)_._._#≈§§≈≈#*,
≈≈≈≈≈≈≈≈≈§≈≈§≈≈#_._._._.#§≈§§§≈*,
+#+++#≈≈§≈≈≈≈≈≈#._._._..#≈§≈≈≈≈+,
§.§.,##≈≈≈###≈§#_._._..(#§§§§≈≈*,
.§§...*#§≈#,#§§#._.⌠....#≈≈≈≈≈§*,
§8.§§..+§≈#+#≈§#........#§§≈≈▓▓**
..§§§.##≈≈≈≈≈§§##########§≈≈≈▓.,,
§§§..##**#######≈≈≈≈≈≈≈≈≈≈≈≈≈▓.,,
#+####≈≈≈§≈≈≈###≈########§▓▓▓▓▓**


You could see 2 polar bears and a wasp.

Vanquished Creatures
  A siren (D)
  A yaktaur (D)
  A polar bear (D)
  2 boulder beetles (D)
  A blink frog (D)
  A hippogriff (D)
  2 crocodiles (D)
  3 worms (D)
12 creatures vanquished.

Vanquished Creatures (others)
  A hippogriff (D)
  Menkaure (D)
2 creatures vanquished.

Grand Total: 14 creatures vanquished

Notes
Turn   | Place    | Note
--------------------------------------------------------------
     0 | D        | Kidiri the Spriggan Assassin began the quest for the Orb.
     0 | D        | Reached XP level 1. HP: 10/10 MP: 2/2
     1 | D        | Noticed a hippogriff
     1 | D        | Noticed a hippogriff
     9 | D        | Reached skill level 6 in Stealth
    10 | D        | Reached skill level 1 in Short Blades
    15 | D        | Reached XP level 2. HP: 13/15 MP: 3/3
    60 | D        | Noticed a siren
    77 | D        | Killed a siren
    77 | D        | Reached skill level 5 in Fighting
    77 | D        | Reached skill level 7 in Throwing
    77 | D        | Reached skill level 8 in Dodging
    77 | D        | Reached skill level 10 in Stealth
    77 | D        | Reached XP level 3. HP: 19/23 MP: 4/4
    77 | D        | Reached XP level 4. HP: 22/27 MP: 5/5
    77 | D        | Reached XP level 5. HP: 24/30 MP: 6/6
    77 | D        | Reached XP level 6. HP: 28/35 MP: 7/7
   122 | D        | Killed Menkaure
   149 | D        | Noticed a boulder beetle
   149 | D        | Noticed a boulder beetle
   154 | D        | Killed a boulder beetle
   154 | D        | Reached skill level 11 in Stealth
   154 | D        | Reached XP level 7. HP: 37/39 MP: 8/8
   157 | D        | Killed a boulder beetle
   157 | D        | Reached skill level 10 in Dodging
   157 | D        | Reached skill level 12 in Stealth
   174 | D        | Killed a hippogriff
   216 | D        | Noticed an ice statue
   230 | D        | Found Eplulys's Distillery.
   230 | D        | Found Deledukk's Gadget Shoppe.
   230 | D        | Found Baitoeleapn's Book Emporium.
   230 | D        | Found Eneyrphe's Antique Armour Shoppe.
   230 | D        | Found Niapauqe's Distillery.
   230 | D        | Found Kideh's Jewellery Emporium.
   231 | D        | Found Cuwemoas's General Store.
   231 | D        | Found Xetoowki's Antique Armour Emporium.
   231 | D        | Found Araseidghu's Armour Shoppe.
   231 | D        | Found Biampem's Armour Shoppe.
   231 | D        | Found Vuevuesh's Jewellery Emporium.
   232 | D        | Found Wuycripud's Magic Scroll Shoppe.
   232 | D        | Found Tusm's Antique Weapon Emporium.
   233 | D        | Found Voucs's Food Shoppe.
   233 | D        | Found Buonos's Jewellery Emporium.
   234 | D        | Noticed a crocodile
   234 | D        | Noticed a fire dragon
   234 | D        | Noticed an oklob plant
   235 | D        | Found Impamoipt's Book Shoppe.
   245 | D        | Killed a crocodile
   249 | D        | Noticed an obsidian statue
   310 | D        | Bought a potion of mutation for 32 gold pieces
   310 | D        | Gained mutation: Armour fits poorly on your strangely shaped body. [potion of mutation]
   310 | D        | Gained mutation: You evolve. [potion of mutation]
   314 | D        | Noticed a hippogriff
   320 | D        | Noticed a hippogriff
   320 | D        | Noticed a spiny frog
   321 | D        | Noticed a hippogriff
   322 | D        | Bought a scroll of magic mapping for 42 gold pieces
   325 | D        | Noticed a spiny frog
   329 | D        | Noticed a flying skull
   333 | D        | Bought a potion of mutation for 35 gold pieces
   333 | D        | Gained mutation: You are clumsy. (Dex -2) [potion of mutation]
   333 | D        | Gained mutation: Your magical capacity is low (-10% MP). [potion of mutation]
   339 | D        | Bought a potion of cure mutation for 455 gold pieces
   339 | D        | Lost mutation: Your magical capacity is low (-10% MP). [potion of cure mutation]
   339 | D        | Lost mutation: Armour fits poorly on your strangely shaped body. [potion of cure mutation]
   339 | D        | Lost mutation: You evolve. [potion of cure mutation]
   351 | D        | Noticed a blink frog
   353 | D        | Killed a blink frog
   377 | D        | Found a snail-covered altar of Cheibriados.
   378 | D        | Found a glowing silver altar of Zin.
   378 | D        | Found a corrupted altar of Lugonu.
   379 | D        | Found a glowing golden altar of the Shining One.
   379 | D        | Found an ancient bone altar of Kikubaaqudgha.
   380 | D        | Found a sacrificial altar of Ru.
   380 | D        | Found a burning altar of Makhleb.
   380 | D        | Found a stormy altar of Qazlal.
   380 | D        | Found a roughly hewn altar of Beogh.
   380 | D        | Found a bloodstained altar of Trog.
   381 | D        | Noticed a crocodile
   381 | D        | Found a deep blue altar of Sif Muna.
   381 | D        | Found a sparkling altar of Nemelex Xobeh.
   381 | D        | Found a radiant altar of Vehumet.
   382 | D        | Found an opulent altar of Gozag.
   382 | D        | Found a white marble altar of Elyvilon.
   382 | D        | Found a blossoming altar of Fedhas.
   383 | D        | Found a viscous altar of Jiyva.
   383 | D        | Found a shimmering altar of Xom.
   387 | D        | Killed a crocodile
   389 | D        | Found an iron altar of Okawaru.
   389 | D        | Found a shadowy altar of Dithmenos.
   389 | D        | Noticed a polar bear
   391 | D        | Found a basalt altar of Yredelemnul.
   391 | D        | Noticed a wasp
   392 | D        | Noticed a yaktaur
   393 | D        | Noticed a polar bear
   396 | D        | Noticed a polar bear
   402 | D        | Noticed a flying skull
   402 | D        | Noticed a flying skull
   404 | D        | Noticed a crocodile
   404 | D        | Became a worshipper of Dithmenos the Shadowed
   407 | D        | Noticed a crocodile
   429 | D        | Killed a yaktaur
   429 | D        | Reached skill level 13 in Stealth
   429 | D        | Reached skill level 1 in Invocations
   429 | D        | Reached XP level 8. HP: 29/46 MP: 9/9
   467 | D        | Killed a polar bear
   514 | D        | Noticed a flying skull
   836 | D        | Noticed Roxanne
   881 | D        | Killed a hippogriff
   893 | D        | Mangled by a polar bear

Vault maps used:
D:        the_violet_keep_of_menkaure

Action                   |  1- 3 |  4- 6 |  7- 9 || total
-------------------------+-------+-------+-------++-------
Melee: Dagger            |    18 |     3 |    13 ||    34
 Fire: Blowgun           |       |       |    17 ||    17
  Use: Potion            |       |       |     3 ||     3
       Scroll            |       |       |     1 ||     1
 Stab: Sleeping          |     4 |     1 |     3 ||     8
